 Dungeon Crawl Stone Soup version 0.27-a0-1202-ge72e49191c (webtiles) character file.

Game seed: 1850885753452746368

2475 freelancePsychic the Magician (level 9, -1/65 (67) HPs)
             Began as a Djinni Earth Elementalist on June 3, 2021.
             Was a Priest of Ru.
             Slain by an orc warrior
             ... wielding a +0 halberd
              (24 damage)
             ... in a bailey.
             The game lasted 00:16:52 (9242 turns).

freelancePsychic the Magician (DjEE)                Turns: 9242, Time: 00:16:52

HP:   -1/65 (67)    AC:  2    Str:  7    XL:     9   Next: 80%
Gold: 392           EV: 12    Int: 21    God:    Ru [***...] SH:  0 Dex: 13

rFire    + + .     SeeInvis .   i - +1 dagger (venom)
rCold    x . .     Faith    .   (shield unavailable)
rNeg     . . .     Spirit   .   c - +0 robe
rPois    ∞         Reflect  .   (no helmet)
rElec    .         Harm     .   (no cloak)
rCorr    .         Rampage  .   (no gloves)
Will     .....                  (boots unavailable)
Stlth    ++........             (no amulet)
HPRegen  0.20/turn              (ring unavailable)
MPRegen  0.00/turn              (no ring)

@: exhausted, flying, lightly drained
A: sickness immunity, fire resistance 2, cold vulnerability 1, missing a hand,
float, innate caster, hp casting, extra vitality 1
a: Renounce Religion, Draw Out Power


You were in a bailey.
You worshipped Ru.
Ru was most pleased with you.
You visited 1 branch of the dungeon, and saw 7 of its levels.
You also visited: Bailey.

You collected 392 gold pieces.

Inventory:

Hand Weapons
 i - a +1 dagger of venom (weapon)
Missiles
 b - 164 stones
Armour
 a - a +0 ring mail
 c - a +0 robe (worn)
Jewellery
 h - a ring of wizardry
 t - a ring of resist corrosion
Wands
 v - a wand of flame (15)
Scrolls
 f - a scroll of brand weapon
 l - a scroll of amnesia
 m - 2 scrolls of teleportation {@r4}
Potions
 d - a potion of mutation
 g - a potion of haste {@q3}
 j - a potion of magic {unknown}
 k - a potion of might {unknown}
 n - a potion of berserk rage {unknown}
 o - a potion of degeneration {unknown}
 p - a potion of heal wounds {@q2}
 q - a potion of cancellation {unknown}
 r - 3 potions of curing {@q1}
 s - 2 potions of lignification {unknown}


   Skills:
 + Level 6.6 Fighting
 - Level 4.6 Short Blades
 - Level 2.1 Dodging
 + Level 2.2 Stealth
 + Level 7.3 Spellcasting


You couldn't memorise any spells.
You knew the following spells:

 Your Spells              Type           Power      Damage    Failure   Level
a - Sandblast             Erth           76%        2d16      1%          1
b - Passwall              Tmut/Erth      31%        N/A       1%          2
c - Stone Arrow           Conj/Erth      76%        3d11      1%          3
d - Petrify               Tmut/Erth      38%        N/A       4%          4
e - Lee's Rapid Deconstr  Erth           19%        3d12*     12%         5
f - Animate Dead          Necr           19%        N/A       4%          4
g - Corpse Rot            Necr/Air       N/A        N/A       1%          2
h - Blink                 Tloc           N/A        N/A       1%          2
i - Freeze                Ice            100%       1d11      1%          1
Your spell library was empty.

Dungeon Overview and Level Annotations

Branches:
Dungeon (7/15)             Bailey (1/1)
 Temple: D:4-7

Altars:
Dithmenos
Gozag
Kikubaaqudgha
Qazlal
Ru
Xom

Shops:
D:2 (   D:4 *?*!   D:6 (

Annotations:
D:2 1 runed translucent door, Crazy Yiuf


Innate Abilities, Weirdness & Mutations

You are immune to sickness and miasma.
You are immune to poison.
Your flesh is very heat resistant. (rF++)
You are vulnerable to cold. (rC-)
You are missing a hand.
You float through the air rather than walking.
You learn spells naturally, not from books.
Your magical power is your life essence.
You have superior vitality. (+4 HP)


Message History

The orc warrior shoots a bolt.
The bolt hits you.
The helpless orc warrior fails to defend itself.
You puncture the orc warrior!
The orc warrior is poisoned.
The orc warrior is moderately wounded.
The orc warrior is no longer petrified.
The orc knight roars a battlecry!
The orcs go into a battle-frenzy!
The orc warrior unwields a +0 arbalest.
The orc warrior closely misses you.
You hit the orc warrior but do no damage.
The orc warrior looks as sick as possible!
The orc warrior is moderately wounded.
The orc warrior shoots a bolt.
The bolt hits you!!
You focus your inner power and paralyse the orc warrior in retribution!
The orc warrior wields a +0 arbalest.
The orc warrior shoots a bolt.
The bolt hits you.
* * * LOW HITPOINT WARNING * * *
Casting: Stone Arrow (safe; 1% risk of failure)
Confirm with . or Enter, or press ? or * to list all spells.
Aiming: Sandblast (safe; 1% risk of failure)
Press: ? - help, Shift-Dir - straight line, f - orc warrior
Aim: an orc warrior, wielding a +0 arbalest, wearing a +0 scale mail and quivering bolts (severely wounded, strong, extremely poisoned, 77% to hit)
Okay, then.
You feel much better.
You kill the orc warrior!
Casting: Sandblast (safe; 1% risk of failure)
Confirm with . or Enter, or press ? or * to list all spells.
Aiming: Stone Arrow (safe; 1% risk of failure)
Press: ? - help, Shift-Dir - straight line, f - orc warrior
Aim: an orc warrior, wielding a +0 halberd and wearing a +0 ring mail (strong, 67% to hit)
The stone arrow misses the orc warrior.
The orc warrior hits you from afar with a +0 halberd!
Casting: Stone Arrow (safe; 1% risk of failure)
Confirm with . or Enter, or press ? or * to list all spells.
Aiming: Stone Arrow (safe; 1% risk of failure)
Press: ? - help, Shift-Dir - straight line, f/p - orc warrior
Aim: an orc warrior, wielding a +0 halberd and wearing a +0 ring mail (strong, 67% to hit)
The stone arrow hits the orc warrior.
The orc warrior is moderately wounded.
The orc warrior hits you from afar with a +0 halberd!!
You die...

### ##∩## #### .
#@∩.# o....
≈≈..#).o#..≈≈≈.
≈o≈≈..)....≈≈o≈≈
.oo≈.....).≈oo.≈
≈o≈≈.......≈≈o≈≈
≈≈≈..#...#..≈≈≈.
....##...##.....
#### ##∩## #####
###


You could see an orc knight, 2 orc warriors and an orc (strong).

Vanquished Creatures
  Sigmund (D:6)
  Eustachio (D:6)
  A water moccasin (D:6)
  A black bear (D:6)
  2 ice beasts
  A necrophage (D:4)
  An ogre (D:4)
  3 orc warriors
  A centaur (D:6)
  A phantom (D:5)
  A bullfrog (D:6)
  2 scorpions
  A water moccasin zombie (D:5)
  2 bullfrog zombies
  A crimson imp (D:5)
  3 jellies
  An orc priest (D:5)
  2 hounds
  A centaur skeleton (D:5)
  Jessica (D:3)
  5 iguanas
  4 orc wizards
  A killer bee zombie (D:5)
  Robin (D:3)
  2 howler monkey zombies
  13 gnolls
  3 adders
  3 white imps
  An adder skeleton (D:4)
  A worm (D:4)
  3 dart slugs
  28 orcs
  7 ball pythons
  A bat zombie (D:6)
  5 endoplasms
  2 giant cockroaches (D:1)
  16 goblins
  11 hobgoblins
  3 jackals (D:3)
  2 quokkas
  10 bats
  3 frilled lizards
  6 kobolds
  A rat (D:2)
  A rat zombie (D:6)
161 creatures vanquished.

Vanquished Creatures (others)
  4 plants (D:2)
4 creatures vanquished.

Grand Total: 165 creatures vanquished

Notes
Turn   | Place    | Note
-------+----------+-------------------------------------------
     0 | D:1      | freelancePsychic the Djinni Earth Elementalist began the
                  | quest for the Orb.
     0 | D:1      | Reached XP level 1. HP: 15/15 MP: 0/0
   403 | D:1      | Reached XP level 2. HP: 19/21 MP: 0/0
   443 | D:1      | Reached skill level 3 in Spellcasting
   703 | D:1      | Found a faded altar of an unknown god.
   889 | D:2      | Reached XP level 3. HP: 24/25 MP: 0/0
   889 | D:2      | Learned a level 1 spell: Freeze
  1006 | D:2      | Found Ymmitih's Weapon Shop.
  1063 | D:2      | Found a runed translucent door.
  1064 | D:2      | Noticed Crazy Yiuf
  1584 | D:2      | Reached skill level 1 in Short Blades
  1910 | D:2      | Reached XP level 4. HP: 31/31 MP: 0/0
  2455 | D:3      | You are sucked into a shaft and drop 3 floors!
  2459 | D:6      | Found an opulent altar of Gozag.
  2462 | D:6      | Found an opulent altar of Gozag.
  2466 | D:6      | Found an opulent altar of Gozag.
  2467 | D:6      | Noticed Eustachio
  2470 | D:6      | Found an opulent altar of Gozag.
  2473 | D:6      | Noticed a bullfrog
  2506 | D:6      | Noticed an ice beast
  2521 | D:6      | Killed an ice beast
  2522 | D:6      | Reached XP level 5. HP: 27/35 MP: 0/0
  2522 | D:6      | Learned a level 2 spell: Corpse Rot
  2610 | D:5      | Entered Level 5 of the Dungeon
  2830 | D:5      | Reached skill level 4 in Spellcasting
  2924 | D:5      | Noticed a phantom
  3009 | D:6      | Reached XP level 6. HP: 36/40 MP: 0/0
  3377 | D:5      | Noticed an ice beast
  3386 | D:5      | Killed an ice beast
  3387 | D:5      | Reached XP level 7. HP: 42/45 MP: 0/0
  3387 | D:5      | Learned a level 2 spell: Blink
  3439 | D:5      | Found a shadowy altar of Dithmenos.
  4177 | D:5      | Reached skill level 5 in Spellcasting
  4620 | D:5      | Reached skill level 1 in Fighting
  4799 | D:5      | Reached XP level 8. HP: 26/52 MP: 0/0
  5055 | D:5      | Found a sacrificial altar of Ru.
  5068 | D:5      | Became a worshipper of Ru the Awakened
  5630 | D:4      | Found Xiur Omealo's Magic Scroll Boutique.
  5693 | D:4      | Found Coretag's Distillery.
  5693 | D:4      | Found Xaojuveq's General Store.
  6449 | D:4      | Found Xelliqec's Assorted Antiques.
  6716 | D:3      | Reached skill level 6 in Spellcasting
  6797 | D:3      | Noticed Robin
  6837 | D:3      | Killed Robin
  7070 | D:3      | Gained mutation: You are missing a hand. [Ru sacrifice]
  7070 | D:3      | Reached * piety under Ru
  7070 | D:3      | Reached ** piety under Ru
  7070 | D:3      | Reached *** piety under Ru
  7548 | D:3      | Noticed Jessica
  7549 | D:3      | Killed Jessica
  7838 | D:6      | Reached XP level 9. HP: 40/63 MP: 0/0
  7838 | D:6      | Learned a level 4 spell: Animate Dead
  7984 | D:6      | Noticed Sigmund
  7999 | D:6      | Killed Sigmund
  8000 | D:6      | Reached skill level 5 in Fighting
  8145 | D:6      | Found a stormy altar of Qazlal.
  8239 | D:6      | Killed Eustachio
  8313 | D:6      | Found a shimmering altar of Xom.
  8329 | D:6      | Reached skill level 7 in Spellcasting
  8355 | D:6      | Found Xaajal's Antique Weapon Shoppe.
  9101 | D:7      | Found a flagged portal.
  9216 | Bailey   | Entered a bailey
  9216 | Bailey   | Noticed an orc knight
  9219 | Bailey   | Noticed an orc knight
  9242 | Bailey   | Slain by an orc warrior

Illustrated notes

Levels and vault maps discovered:
D:1:      nzn_arrival_water_spiral, layout_rooms,
          hellmonk_ecumenical_altar_pennies_from_heaven
D:2:      layout_basic, serial_shops, shop, serial_forest,
          infiniplex_forest_end_double, infiniplex_forest_end_2,
          infiniplex_forest_clump_C, infiniplex_forest_end_1,
          infiniplex_forest_lined_1, amethyst_killhole, uniq_crazy_yiuf_cottage
D:3:      layout_basic, uniq_jessica, uniq_robin
D:4:      layout_rooms, serial_shops, shop, nicolae_shop_crystal, shop,
          nicolae_shop_statue_plus, kennysheep_generic_room_11
D:5:      layout_basic, grunt_dithmenos_smoke, nicolae_ru_awakened_eye,
          st_stairs_11, minmay_fire_ice_demons
D:6:      layout_loops_ring, nicolae_gozag_conspicuous_consumption,
          lemuel_tele_altar, nicolae_qazlal_eye_of_the_storm,
          lemuel_zombie_altar_kikubaaqudgha, serial_shops, shop_statue,
          uniq_eustachio, uniq_sigmund
D:7:      layout_basic, temple_doors_e, enter_bailey_4, uniq_duvessa
Bailey:   bailey_polearm_4, bailey

Skill      XL: |  1  2  3  4  5  6  7  8  9 |
---------------+----------------------------+-----
Spellcasting   | 3 4 5 6 7 |  7.3
Short Blades   | 1 2 3 4 |  4.6
Fighting       | 1 4 6 |  6.6
Stealth        | 2 |  2.2
Dodging        | |  2.1

Action                   |  1- 3 |  4- 6 |  7- 9 || total
-------------------------+-------+-------+-------++-------
Melee: Dagger            |    14 |    34 |   100 ||   148
 Cast: Sandblast         |    36 |     4 |       ||    40
       Stone Arrow       |       |     8 |   128 ||   136
       Petrify           |       |     5 |    25 ||    30
       Passwall          |       |     1 |       ||     1
Invok: Draw Out Power    |       |       |     2 ||     2
       Sacrifice a Hand  |       |       |     1 ||     1
  Use: Scroll            |       |     5 |     4 ||     9
       Potion            |       |       |     5 ||     5
 Stab: Sleeping          |     2 |     3 |     2 ||     7
       Petrified         |       |    14 |    38 ||    52
       Petrifying        |       |     2 |     4 ||     6
Armor: Robe              |     9 |     4 |     6 ||    19
       Ring mail         |     1 |       |       ||     1
Dodge: Dodged            |    20 |    14 |    25 ||    59

Table legend: (Time is in decaauts)
 A = Elapsed time spent in this place.
 B = Non-inter-level travel time spent in this place.
 C = Inter-level travel time spent in this place.
 D = Time resting spent in this place.
 E = Time spent auto-exploring this place.
 F = Levels seen in this place.
 G = Mean time per level.
                   A        B        C        D        E       F      G
               +--------+--------+--------+--------+--------+-----+--------+
         Total |   9201 |   9002 |    199 |    752 |   7177 |   8 | 1150.1 |
       Dungeon |   9178 |   8979 |    199 |    752 |   7177 |   7 | 1311.1 |
        Bailey |     23 |     23 |      0 |      0 |      0 |   1 |   23.0 |
               +--------+--------+--------+--------+--------+-----+--------+

Top non-repeatable levels by time:
     D:5: 2691 daAuts
     D:6: 1760 daAuts
     D:2: 1447 daAuts
     D:3: 1341 daAuts
     D:4: 935 daAuts
     D:1: 848 daAuts
     D:7: 153 daAuts
  Bailey: 23 daAuts
